[ AOE2 MATCH · #478396062 ]
Team RMTeutons vs Teutons
[ REPLAY ANALYSIS · EXTRACTED FROM THE RECORDED GAME ]
Feudal
14:11
Castle
19:40
Imperial
50:47
| APM avg | 25.8 |
| APM peak | 82 |
| eAPM avg | 20.2 |
| Villagers / military | 180 / 62 |
Focus
⚔️ 26.2% · 🌾 73.8%
Scorpion ×15 · Battering Ram ×14 · Cannon Galleon ×8 · Teutonic Knight ×6 · Trebuchet (Packed) ×6 · Militia ×4
Feudal
11:08
Castle
20:49
Imperial
36:06
| APM avg | 17.8 |
| APM peak | 52 |
| eAPM avg | 9.0 |
| Villagers / military | 129 / 58 |
Focus
⚔️ 24.8% · 🌾 75.2%
Galley ×56 · Fishing Ship ×26 · Transport Ship ×2
Feudal
—
Castle
—
Imperial
—
| APM avg | 1.7 |
| APM peak | 20 |
| eAPM avg | 0.3 |
| Villagers / military | 5 / 0 |
Focus
⚔️ 46.2% · 🌾 53.8%
Feudal
13:21
Castle
23:32
Imperial
41:00
| APM avg | 8.8 |
| APM peak | 30 |
| eAPM avg | 4.9 |
| Villagers / military | 41 / 37 |
Focus
⚔️ 29.6% · 🌾 70.4%
Fishing Ship ×19 · Demolition Raft ×16 · Fire Galley ×10 · Cannon Galleon ×10 · Unknown (1750) ×10 · Unknown (2626) ×8
Feudal
15:14
Castle
24:16
Imperial
40:52
| APM avg | 33.2 |
| APM peak | 63 |
| eAPM avg | 20.3 |
| Villagers / military | 101 / 225 |
Focus
⚔️ 42.9% · 🌾 57.1%
Archer ×97 · Fishing Ship ×34 · Demolition Raft ×31 · Chu Ko Nu ×25 · Knight ×19 · Spearman ×13
Feudal
13:15
Castle
21:06
Imperial
28:21
| APM avg | 31.7 |
| APM peak | 73 |
| eAPM avg | 17.4 |
| Villagers / military | 63 / 265 |
Focus
⚔️ 47.1% · 🌾 52.9%
Woad Raider ×247 · Fishing Ship ×57 · Fire Galley ×13 · Unknown (2626) ×9 · Transport Ship ×5
Match map
Initial resources + every placement click. Lines = walls · curves = elevation contours. ◆ gold · ⬟ stone · ● berries · ✦ relic · ◌ wall gap
Your base· ✓ Map-separated
KatituWanted's base· ✓ Map-separated
Yuls37's base· ✓ Map-separated
EL PELUCA SAPEEE's base· ✓ Map-separated
jeffhou47's base· ✓ Map-separated
EL SANTO PADRE's base· ✓ Map-separated
Smoothed initial terrain · ◌ = detected wall gap · hover for details
Inputs per minute
— Leon S. Kennedy - - KatituWanted
Build order — Leon S. Kennedy
First 150 of 382 actions detected
| 0:09 | Research | Loom |
| 0:10 | Create | Villager (Male) |
| 0:10 | Create | Villager (Male) |
| 0:10 | Create | Villager (Male) |
| 0:10 | Create | Villager (Male) |
| 0:11 | Create | Villager (Male) |
| 0:34 | Build | House |
| 0:35 | Build | House |
| 0:36 | Build | House |
| 0:37 | Build | House |
| 2:21 | Create | Villager (Male) |
| 2:22 | Create | Villager (Male) |
| 2:53 | Create | Villager (Male) |
| 2:54 | Create | Villager (Male) |
| 3:20 | Create | Villager (Male) |
| 3:20 | Create | Villager (Male) |
| 3:47 | Create | Villager (Male) |
| 3:47 | Create | Villager (Male) |
| 4:09 | Create | Villager (Male) |
| 4:46 | Create | Villager (Male) |
| 4:46 | Create | Villager (Male) |
| 4:46 | Create | Villager (Male) |
| 5:29 | Create | Villager (Male) |
| 5:30 | Create | Villager (Male) |
| 7:01 | Create | Villager (Male) |
| 7:01 | Create | Villager (Male) |
| 7:01 | Create | Villager (Male) |
| 7:02 | Create | Villager (Male) |
| 7:02 | Create | Villager (Male) |
| 7:03 | Create | Villager (Male) |
| 7:17 | Create | Villager (Male) |
| 7:18 | Create | Villager (Male) |
| 7:18 | Create | Villager (Male) |
| 7:48 | Build | Mill |
| 7:48 | Create | Villager (Male) |
| 8:10 | Create | Villager (Male) |
| 8:10 | Create | Villager (Male) |
| 9:26 | Create | Villager (Male) |
| 9:26 | Create | Villager (Male) |
| 9:27 | Create | Villager (Male) |
| 9:27 | Create | Villager (Male) |
| 9:27 | Create | Villager (Male) |
| 9:41 | Build | House |
| 10:11 | Build | Mining Camp |
| 10:33 | Build | Farm |
| 11:13 | Build | Lumber Camp |
| 11:58 | Research | Feudal Age |
| 13:52 | Build | House |
| 13:53 | Build | House |
| 13:54 | Build | House |
| 14:11 | Age | Feudal Age |
| 14:14 | Create | Villager (Male) |
| 14:14 | Create | Villager (Male) |
| 14:41 | Build | Barracks |
| 15:41 | Build | Blacksmith |
| 15:48 | Build | Stable |
| 15:53 | Create | Villager (Male) |
| 15:54 | Create | Villager (Male) |
| 16:32 | Build | Dock |
| 16:59 | Build | Mill |
| 17:00 | Research | Castle Age |
| 17:18 | Research | Man-at-Arms (upgrade) |
| 17:19 | Create | Militia |
| 17:19 | Create | Militia |
| 17:55 | Build | Watch Tower |
| 18:00 | Build | Barracks |
| 18:13 | Build | Watch Tower |
| 18:33 | Build | Stone Wall |
| 18:41 | Build | Stone Wall |
| 19:08 | Create | Militia |
| 19:08 | Create | Militia |
| 19:35 | Build | Farm |
| 19:36 | Build | Farm |
| 19:36 | Build | Farm |
| 19:37 | Build | Farm |
| 19:38 | Build | Farm |
| 19:39 | Build | Farm |
| 19:40 | Build | Farm |
| 19:40 | Age | Castle Age |
| 19:41 | Build | Farm |
| 19:42 | Build | Farm |
| 19:43 | Build | Farm |
| 19:44 | Build | Farm |
| 19:44 | Build | Farm |
| 19:52 | Build | Mining Camp |
| 20:03 | Research | Gambesons |
| 20:38 | Build | Dock |
| 21:17 | Create | Villager (Male) |
| 21:17 | Create | Villager (Male) |
| 21:49 | Create | Villager (Male) |
| 21:49 | Create | Villager (Male) |
| 22:04 | Research | War Galley (upgrade) |
| 22:05 | Research | Tech 905 |
| 22:10 | Create | Villager (Male) |
| 22:10 | Create | Villager (Male) |
| 23:22 | Build | Town Center |
| 23:31 | Build | Barracks |
| 23:47 | Create | Villager (Male) |
| 23:48 | Create | Villager (Male) |
| 23:48 | Create | Villager (Male) |
| 23:48 | Create | Villager (Male) |
| 23:48 | Create | Villager (Male) |
| 24:23 | Create | Villager (Male) |
| 24:23 | Create | Villager (Male) |
| 24:23 | Create | Villager (Male) |
| 24:24 | Create | Villager (Male) |
| 24:59 | Build | Dock |
| 25:33 | Build | Market |
| 26:13 | Create | Transport Ship |
| 26:47 | Build | Castle |
| 26:50 | Create | Villager (Male) |
| 26:50 | Create | Villager (Male) |
| 26:50 | Create | Villager (Male) |
| 26:50 | Create | Villager (Male) |
| 26:50 | Create | Villager (Male) |
| 26:50 | Create | Villager (Male) |
| 26:51 | Create | Villager (Male) |
| 27:02 | Create | Villager (Male) |
| 27:03 | Create | Villager (Male) |
| 27:03 | Create | Villager (Male) |
| 27:03 | Create | Villager (Male) |
| 27:42 | Build | Town Center |
| 27:45 | Create | Villager (Male) |
| 27:45 | Create | Villager (Male) |
| 27:45 | Create | Villager (Male) |
| 27:46 | Create | Villager (Male) |
| 27:46 | Create | Villager (Male) |
| 28:26 | Build | Siege Workshop |
| 28:28 | Create | Villager (Male) |
| 28:28 | Create | Villager (Male) |
| 28:35 | Create | Villager (Male) |
| 28:35 | Create | Villager (Male) |
| 28:42 | Create | Teutonic Knight |
| 28:43 | Create | Teutonic Knight |
| 28:43 | Create | Teutonic Knight |
| 29:02 | Create | Mangonel |
| 29:48 | Create | Mangonel |
| 29:53 | Create | Villager (Male) |
| 29:53 | Create | Villager (Male) |
| 30:30 | Build | House |
| 30:30 | Build | House |
| 30:31 | Build | House |
| 30:32 | Build | House |
| 30:47 | Create | Battering Ram |
| 30:47 | Create | Battering Ram |
| 30:47 | Create | Battering Ram |
| 31:48 | Create | Mangonel |
| 31:49 | Create | Mangonel |
| 32:16 | Create | Villager (Male) |
| 32:17 | Create | Villager (Male) |
Build order — KatituWanted
First 150 of 315 actions detected
| 0:05 | Create | Villager (Male) |
| 0:05 | Create | Villager (Male) |
| 0:05 | Create | Villager (Male) |
| 0:06 | Create | Villager (Male) |
| 0:10 | Build | House |
| 0:14 | Build | House |
| 1:31 | Create | Villager (Male) |
| 2:02 | Create | Villager (Male) |
| 2:36 | Create | Villager (Male) |
| 3:10 | Build | Mill |
| 3:44 | Create | Villager (Male) |
| 3:45 | Create | Villager (Male) |
| 4:21 | Create | Villager (Male) |
| 4:21 | Create | Villager (Male) |
| 4:45 | Build | House |
| 5:20 | Create | Villager (Male) |
| 5:21 | Create | Villager (Male) |
| 5:32 | Build | Dock |
| 6:23 | Create | Fishing Ship |
| 6:40 | Create | Villager (Male) |
| 6:41 | Create | Villager (Male) |
| 6:43 | Create | Villager (Male) |
| 7:40 | Create | Villager (Male) |
| 8:13 | Build | Lumber Camp |
| 8:58 | Research | Feudal Age |
| 9:30 | Create | Fishing Ship |
| 10:13 | Create | Fishing Ship |
| 10:17 | Create | Fishing Ship |
| 11:00 | Build | Mining Camp |
| 11:08 | Age | Feudal Age |
| 11:29 | Create | Villager (Male) |
| 11:43 | Build | House |
| 11:44 | Build | House |
| 11:47 | Build | House |
| 11:57 | Research | Wheelbarrow |
| 12:00 | Create | Villager (Male) |
| 12:16 | Build | Farm |
| 12:16 | Build | Farm |
| 12:17 | Build | Farm |
| 12:17 | Build | Farm |
| 12:17 | Build | Farm |
| 12:18 | Build | Farm |
| 12:19 | Build | Farm |
| 12:20 | Build | Farm |
| 13:00 | Create | Galley |
| 13:18 | Create | Galley |
| 13:32 | Create | Villager (Male) |
| 13:35 | Create | Villager (Male) |
| 13:49 | Build | House |
| 13:52 | Build | House |
| 14:02 | Research | Double-Bit Axe |
| 14:16 | Create | Galley |
| 14:40 | Create | Villager (Male) |
| 14:42 | Create | Villager (Male) |
| 14:42 | Create | Villager (Male) |
| 14:43 | Create | Villager (Male) |
| 14:49 | Build | Farm |
| 14:49 | Build | Farm |
| 14:50 | Build | Farm |
| 15:10 | Create | Galley |
| 15:45 | Create | Galley |
| 15:45 | Create | Galley |
| 16:08 | Create | Villager (Male) |
| 16:25 | Build | Market |
| 16:32 | Build | Blacksmith |
| 17:05 | Build | Dock |
| 17:16 | Create | Galley |
| 17:44 | Create | Villager (Male) |
| 17:45 | Create | Villager (Male) |
| 17:46 | Create | Villager (Male) |
| 17:47 | Create | Villager (Male) |
| 17:59 | Research | Castle Age |
| 18:03 | Create | Villager (Male) |
| 18:15 | Build | House |
| 18:16 | Build | House |
| 18:17 | Build | House |
| 18:19 | Build | House |
| 18:28 | Create | Galley |
| 18:28 | Create | Galley |
| 19:08 | Create | Galley |
| 19:08 | Create | Galley |
| 19:33 | Create | Villager (Male) |
| 20:45 | Create | Galley |
| 20:45 | Create | Galley |
| 20:49 | Age | Castle Age |
| 21:00 | Create | Villager (Male) |
| 21:03 | Research | Gold Mining |
| 21:26 | Build | Town Center |
| 21:52 | Build | Town Center |
| 22:09 | Research | War Galley (upgrade) |
| 22:48 | Build | Dock |
| 22:50 | Build | Dock |
| 22:51 | Build | Dock |
| 22:59 | Create | Villager (Male) |
| 23:00 | Create | Villager (Male) |
| 23:00 | Create | Villager (Male) |
| 23:00 | Create | Villager (Male) |
| 23:00 | Create | Villager (Male) |
| 23:01 | Create | Villager (Male) |
| 23:01 | Create | Villager (Male) |
| 23:01 | Create | Villager (Male) |
| 23:02 | Create | Villager (Male) |
| 23:02 | Create | Villager (Male) |
| 23:19 | Create | Villager (Male) |
| 23:20 | Create | Villager (Male) |
| 23:20 | Create | Villager (Male) |
| 23:20 | Create | Villager (Male) |
| 23:20 | Create | Villager (Male) |
| 23:21 | Create | Villager (Male) |
| 23:22 | Create | Villager (Male) |
| 23:22 | Create | Villager (Male) |
| 23:23 | Create | Villager (Male) |
| 23:41 | Build | Farm |
| 23:42 | Build | Farm |
| 23:42 | Build | Farm |
| 23:42 | Build | Farm |
| 23:42 | Build | Farm |
| 24:21 | Research | Stone Mining |
| 24:25 | Research | Gold Shaft Mining |
| 25:09 | Build | House |
| 25:10 | Build | House |
| 25:11 | Build | House |
| 25:13 | Build | House |
| 25:14 | Build | House |
| 25:15 | Build | House |
| 26:03 | Create | Galley |
| 26:03 | Create | Galley |
| 26:03 | Create | Galley |
| 26:04 | Create | Galley |
| 26:04 | Create | Galley |
| 26:04 | Create | Galley |
| 26:15 | Build | Farm |
| 26:34 | Create | Villager (Male) |
| 26:35 | Create | Villager (Male) |
| 26:35 | Create | Villager (Male) |
| 26:35 | Create | Villager (Male) |
| 26:36 | Create | Villager (Male) |
| 26:36 | Create | Villager (Male) |
| 26:36 | Create | Villager (Male) |
| 26:36 | Create | Villager (Male) |
| 26:37 | Create | Villager (Male) |
| 26:37 | Create | Villager (Male) |
| 26:37 | Create | Villager (Male) |
| 26:37 | Create | Villager (Male) |
| 27:43 | Create | Fishing Ship |
| 27:43 | Create | Fishing Ship |
| 27:43 | Create | Fishing Ship |
| 27:44 | Create | Fishing Ship |
| 27:44 | Create | Fishing Ship |
| 27:44 | Create | Fishing Ship |
Build order — Yuls37
6 actions detected in the replay
| 0:57 | Create | Villager (Male) |
| 0:57 | Create | Villager (Male) |
| 0:57 | Create | Villager (Male) |
| 0:58 | Create | Villager (Male) |
| 0:58 | Create | Villager (Male) |
| 4:02 | Research | Loom |
Build order — EL PELUCA SAPEEE
137 actions detected in the replay
| 0:20 | Build | House |
| 0:21 | Build | House |
| 0:24 | Build | House |
| 0:26 | Build | House |
| 0:30 | Research | Loom |
| 0:31 | Create | Villager (Male) ×4 |
| 1:00 | Build | Lumber Camp |
| 2:26 | Create | Villager (Male) |
| 3:40 | Create | Villager (Male) |
| 3:41 | Create | Villager (Male) |
| 4:36 | Create | Villager (Male) |
| 4:36 | Create | Villager (Male) |
| 4:37 | Create | Villager (Male) |
| 6:05 | Build | Mill |
| 7:38 | Create | Villager (Male) |
| 7:40 | Create | Villager (Male) |
| 7:47 | Create | Villager (Male) |
| 9:31 | Create | Villager (Male) |
| 10:08 | Build | Dock |
| 10:21 | Create | Villager (Male) |
| 10:34 | Create | Villager (Male) |
| 11:04 | Research | Feudal Age |
| 11:31 | Create | Fishing Ship |
| 12:35 | Create | Fishing Ship |
| 13:21 | Age | Feudal Age |
| 13:31 | Create | Fishing Ship |
| 13:31 | Create | Fishing Ship |
| 13:31 | Create | Fishing Ship |
| 13:32 | Create | Fishing Ship |
| 13:44 | Build | House |
| 14:28 | Create | Fishing Ship |
| 14:57 | Research | Double-Bit Axe |
| 15:27 | Build | Dock |
| 16:23 | Create | Fishing Ship |
| 16:23 | Create | Fishing Ship |
| 16:26 | Research | Tech 906 |
| 16:51 | Build | Mining Camp |
| 16:55 | Create | Villager (Male) |
| 16:56 | Create | Villager (Male) |
| 16:56 | Create | Villager (Male) |
| 16:56 | Create | Villager (Male) |
| 16:57 | Create | Villager (Male) |
| 17:51 | Research | Gold Mining |
| 18:42 | Build | Fish Trap |
| 18:44 | Build | Fish Trap |
| 18:46 | Build | Fish Trap |
| 18:47 | Build | Fish Trap |
| 19:05 | Build | Dock |
| 19:48 | Build | Blacksmith |
| 20:14 | Build | Market |
| 20:52 | Research | Castle Age |
| 21:05 | Build | Fish Trap |
| 21:07 | Build | Fish Trap |
| 21:31 | Build | Fish Trap |
| 21:46 | Build | Fish Trap |
| 22:25 | Build | Mining Camp |
| 22:36 | Create | Villager (Male) ×5 |
| 22:56 | Build | Dock |
| 23:32 | Age | Castle Age |
| 23:39 | Research | War Galley (upgrade) |
| 23:40 | Research | Tech 905 |
| 23:42 | Research | Gillnets |
| 23:59 | Research | Bow Saw |
| 24:08 | Research | Stone Mining |
| 25:06 | Create | Unit 2626 ×3 |
| 27:15 | Create | Fire Galley ×5 |
| 28:51 | Create | Demolition Raft ×5 |
| 28:53 | Create | Demolition Raft ×5 |
| 29:01 | Create | Villager (Male) ×5 |
| 29:02 | Create | Villager (Male) ×5 |
| 29:04 | Research | Wheelbarrow |
| 29:05 | Research | Town Watch |
| 29:09 | Research | Forging |
| 29:09 | Research | Scale Mail Armor |
| 29:10 | Research | Scale Barding Armor |
| 29:11 | Research | Fletching |
| 29:12 | Research | Padded Archer Armor |
| 29:36 | Build | Castle |
| 31:41 | Create | Fishing Ship ×5 |
| 32:36 | Build | Town Center |
| 32:48 | Build | Fish Trap |
| 32:51 | Build | Fish Trap |
| 34:11 | Build | Fish Trap |
| 35:19 | Build | Fish Trap |
| 35:24 | Build | Fish Trap |
| 35:58 | Build | Monastery |
| 36:03 | Build | University |
| 36:13 | Build | Barracks |
| 36:24 | Research | Medical Corps |
| 37:50 | Research | Imperial Age |
| 37:54 | Research | Iron Casting |
| 38:18 | Build | Stable |
| 38:19 | Build | Stable |
| 38:20 | Build | Stable |
| 38:32 | Create | Monk |
| 38:42 | Create | Fishing Ship ×5 |
| 39:23 | Research | Chain Barding Armor |
| 39:34 | Build | Fish Trap |
| 39:36 | Build | Fish Trap |
| 39:49 | Research | Murder Holes |
| 39:54 | Build | Fish Trap |
| 40:10 | Build | Fish Trap |
| 40:32 | Build | Fish Trap |
| 40:52 | Research | Tech 908 |
| 40:53 | Research | Careening |
| 41:00 | Age | Imperial Age |
| 41:08 | Research | Heavy Demolition Ship (upgrade) |
| 41:27 | Research | Two-Man Saw |
| 42:00 | Research | Hand Cart |
| 42:51 | Build | Castle |
| 43:12 | Research | Galleon (upgrade) |
| 43:21 | Create | Villager (Male) ×5 |
| 43:26 | Research | Conscription |
| 43:30 | Research | Blast Furnace |
| 44:30 | Create | Unit 2626 ×5 |
| 44:32 | Create | Fire Galley ×5 |
| 44:33 | Create | Demolition Raft ×4 |
| 44:35 | Create | Demolition Raft ×2 |
| 45:03 | Research | Chemistry |
| 45:34 | Research | Tech 907 |
| 46:28 | Research | Dry Dock |
| 47:08 | Research | Tech 909 |
| 50:57 | Create | Unit 1750 ×5 |
| 50:59 | Create | Unit 1750 ×5 |
| 51:40 | Research | Wootz Steel |
| 51:42 | Research | Elite Urumi Swordsman (upgrade) |
| 51:50 | Research | Bodkin Arrow |
| 51:51 | Research | Chain Mail Armor |
| 52:34 | Research | Shipwright |
| 55:10 | Research | Bracer |
| 55:12 | Research | Leather Archer Armor |
| 55:13 | Research | Plate Mail Armor |
| 55:21 | Research | Tech 910 |
| 55:24 | Research | Ballistics |
| 58:09 | Research | Elite Cannon Galleon (upgrade) |
| 58:20 | Create | Cannon Galleon ×5 |
| 58:21 | Create | Cannon Galleon ×5 |
Build order — jeffhou47
First 150 of 475 actions detected
| 1:14 | Create | Villager (Male) |
| 1:14 | Create | Villager (Male) |
| 1:51 | Create | Villager (Male) |
| 1:52 | Create | Villager (Male) |
| 1:52 | Create | Villager (Male) |
| 2:11 | Create | Villager (Male) |
| 2:12 | Create | Villager (Male) |
| 2:43 | Create | Villager (Male) |
| 2:44 | Create | Villager (Male) |
| 2:59 | Create | Villager (Male) |
| 3:25 | Create | Villager (Male) |
| 3:25 | Create | Villager (Male) |
| 3:54 | Create | Villager (Male) |
| 3:54 | Create | Villager (Male) |
| 4:11 | Create | Villager (Male) |
| 4:18 | Build | Lumber Camp |
| 4:44 | Create | Villager (Male) |
| 5:00 | Build | House |
| 5:11 | Create | Villager (Male) |
| 5:38 | Create | Villager (Male) |
| 6:04 | Create | Villager (Male) |
| 6:04 | Create | Villager (Male) |
| 6:04 | Create | Villager (Male) |
| 6:20 | Build | Lumber Camp |
| 6:58 | Build | Dock |
| 7:02 | Create | Villager (Male) |
| 7:02 | Create | Villager (Male) |
| 7:22 | Build | Mill |
| 7:28 | Create | Villager (Male) |
| 7:28 | Create | Villager (Male) |
| 7:40 | Build | House |
| 7:44 | Create | Fishing Ship |
| 7:45 | Create | Fishing Ship |
| 8:18 | Create | Villager (Male) |
| 8:18 | Create | Villager (Male) |
| 8:28 | Build | Lumber Camp |
| 8:45 | Create | Fishing Ship |
| 8:45 | Create | Fishing Ship |
| 8:49 | Build | House |
| 8:52 | Create | Villager (Male) |
| 8:52 | Create | Villager (Male) |
| 9:07 | Create | Villager (Male) |
| 9:22 | Create | Fishing Ship |
| 9:27 | Build | House |
| 9:29 | Create | Fishing Ship |
| 9:36 | Create | Villager (Male) |
| 9:36 | Create | Villager (Male) |
| 9:44 | Build | Lumber Camp |
| 9:48 | Create | Villager (Male) |
| 9:49 | Create | Villager (Male) |
| 10:10 | Create | Villager (Male) |
| 10:11 | Create | Villager (Male) |
| 10:28 | Create | Fishing Ship |
| 11:02 | Build | Dock |
| 11:05 | Create | Villager (Male) |
| 11:05 | Create | Villager (Male) |
| 11:06 | Create | Villager (Male) |
| 11:22 | Create | Fishing Ship |
| 11:22 | Create | Fishing Ship |
| 11:39 | Build | Mining Camp |
| 11:50 | Create | Fishing Ship |
| 11:57 | Create | Fishing Ship |
| 11:57 | Create | Fishing Ship |
| 11:58 | Create | Fishing Ship |
| 11:58 | Create | Fishing Ship |
| 12:07 | Build | House |
| 12:11 | Build | House |
| 12:13 | Build | House |
| 12:15 | Build | House |
| 12:16 | Build | House |
| 12:23 | Build | House |
| 13:05 | Research | Feudal Age |
| 13:21 | Create | Fishing Ship |
| 13:42 | Build | Dock |
| 13:56 | Build | Mining Camp |
| 14:10 | Create | Villager (Male) |
| 14:11 | Create | Villager (Male) |
| 14:11 | Create | Villager (Male) |
| 14:11 | Create | Villager (Male) |
| 14:49 | Build | Barracks |
| 14:53 | Create | Villager (Male) |
| 14:53 | Create | Villager (Male) |
| 15:14 | Age | Feudal Age |
| 15:22 | Create | Demolition Raft |
| 15:23 | Create | Demolition Raft |
| 15:24 | Create | Fire Galley |
| 15:24 | Create | Fire Galley |
| 15:35 | Create | Fishing Ship |
| 15:36 | Create | Fishing Ship |
| 15:36 | Create | Fishing Ship |
| 15:53 | Build | Archery Range |
| 15:57 | Research | Double-Bit Axe |
| 16:01 | Create | Villager (Male) |
| 16:01 | Create | Villager (Male) |
| 16:16 | Build | Lumber Camp |
| 16:25 | Create | Demolition Raft |
| 16:51 | Create | Spearman |
| 16:52 | Create | Spearman |
| 16:54 | Create | Archer |
| 16:55 | Create | Archer |
| 16:56 | Create | Archer |
| 17:04 | Create | Fishing Ship |
| 17:04 | Create | Fishing Ship |
| 17:05 | Create | Fishing Ship |
| 17:12 | Create | Demolition Raft |
| 17:28 | Build | Watch Tower |
| 17:40 | Create | Skirmisher |
| 17:40 | Create | Skirmisher |
| 17:41 | Create | Archer |
| 17:41 | Create | Archer |
| 17:44 | Create | Spearman |
| 17:44 | Create | Spearman |
| 17:45 | Create | Spearman |
| 17:45 | Create | Spearman |
| 17:45 | Create | Spearman |
| 17:53 | Build | House |
| 17:54 | Build | House |
| 17:54 | Build | House |
| 17:55 | Build | House |
| 17:56 | Build | House |
| 18:25 | Create | Spearman |
| 18:26 | Create | Spearman |
| 18:26 | Create | Spearman |
| 18:26 | Create | Spearman |
| 19:22 | Research | Man-at-Arms (upgrade) |
| 19:23 | Create | Militia |
| 19:23 | Create | Militia |
| 19:43 | Create | Militia |
| 19:53 | Create | Spearman |
| 19:54 | Create | Spearman |
| 20:15 | Build | Stable |
| 20:17 | Build | Stable |
| 20:19 | Build | Stable |
| 20:43 | Build | Blacksmith |
| 20:51 | Build | House |
| 20:51 | Build | House |
| 20:52 | Build | House |
| 20:52 | Build | House |
| 20:52 | Build | House |
| 20:53 | Build | House |
| 21:21 | Create | Scout Cavalry |
| 21:21 | Create | Scout Cavalry |
| 21:22 | Create | Scout Cavalry |
| 21:22 | Create | Scout Cavalry |
| 21:36 | Research | Castle Age |
| 22:10 | Create | Scout Cavalry |
| 22:10 | Create | Scout Cavalry |
| 23:01 | Create | Villager (Male) |
| 23:02 | Create | Villager (Male) |
| 23:02 | Create | Villager (Male) |
Build order — EL SANTO PADRE
First 150 of 509 actions detected
| 0:02 | Create | Villager (Male) |
| 0:02 | Create | Villager (Male) |
| 0:02 | Create | Villager (Male) |
| 0:03 | Create | Villager (Male) |
| 0:03 | Create | Villager (Male) |
| 0:10 | Build | House |
| 0:11 | Build | House |
| 0:40 | Research | Loom |
| 1:24 | Create | Villager (Male) |
| 1:25 | Create | Villager (Male) |
| 2:01 | Create | Villager (Male) |
| 2:01 | Create | Villager (Male) |
| 2:41 | Create | Villager (Male) |
| 2:41 | Create | Villager (Male) |
| 2:42 | Create | Villager (Male) |
| 3:10 | Build | Lumber Camp |
| 3:16 | Create | Villager (Male) |
| 3:17 | Create | Villager (Male) |
| 3:27 | Build | House |
| 3:29 | Build | House |
| 3:37 | Create | Villager (Male) |
| 4:06 | Create | Villager (Male) |
| 4:06 | Create | Villager (Male) |
| 4:41 | Create | Villager (Male) |
| 5:41 | Create | Villager (Male) |
| 5:41 | Create | Villager (Male) |
| 5:41 | Create | Villager (Male) |
| 6:01 | Create | Villager (Male) |
| 6:12 | Build | Dock |
| 6:28 | Create | Villager (Male) |
| 6:28 | Create | Villager (Male) |
| 7:32 | Build | Dock |
| 7:43 | Build | Mining Camp |
| 7:58 | Create | Fishing Ship |
| 7:58 | Create | Fishing Ship |
| 8:09 | Build | House |
| 8:10 | Build | House |
| 8:52 | Build | Dock |
| 8:56 | Create | Fishing Ship |
| 9:27 | Create | Fishing Ship |
| 9:28 | Create | Fishing Ship |
| 9:28 | Create | Fishing Ship |
| 9:41 | Build | House |
| 10:45 | Create | Fishing Ship |
| 10:45 | Create | Fishing Ship |
| 10:45 | Create | Fishing Ship |
| 10:46 | Create | Fishing Ship |
| 11:05 | Research | Feudal Age |
| 11:14 | Build | Mill |
| 11:37 | Create | Fishing Ship |
| 11:37 | Create | Fishing Ship |
| 11:43 | Build | House |
| 11:57 | Create | Fishing Ship |
| 11:57 | Create | Fishing Ship |
| 12:25 | Build | Lumber Camp |
| 12:36 | Create | Villager (Male) |
| 12:36 | Create | Villager (Male) |
| 12:36 | Create | Villager (Male) |
| 12:36 | Create | Villager (Male) |
| 12:37 | Create | Villager (Male) |
| 12:37 | Create | Villager (Male) |
| 12:38 | Create | Villager (Male) |
| 12:38 | Create | Villager (Male) |
| 12:38 | Create | Villager (Male) |
| 12:38 | Create | Villager (Male) |
| 12:46 | Create | Fishing Ship |
| 12:46 | Create | Fishing Ship |
| 13:15 | Age | Feudal Age |
| 13:19 | Create | Fishing Ship |
| 13:28 | Research | Double-Bit Axe |
| 13:38 | Research | Tech 906 |
| 13:40 | Create | Fishing Ship |
| 13:40 | Create | Fishing Ship |
| 13:59 | Create | Fishing Ship |
| 14:00 | Create | Fishing Ship |
| 14:02 | Create | Fishing Ship |
| 14:02 | Create | Fishing Ship |
| 14:18 | Create | Fishing Ship |
| 14:19 | Create | Fishing Ship |
| 14:34 | Create | Fishing Ship |
| 14:35 | Create | Fishing Ship |
| 14:35 | Create | Fishing Ship |
| 14:45 | Create | Fishing Ship |
| 14:45 | Create | Fishing Ship |
| 14:52 | Research | Wheelbarrow |
| 15:01 | Create | Fishing Ship |
| 15:10 | Create | Fishing Ship |
| 15:10 | Create | Fishing Ship |
| 15:22 | Create | Fishing Ship |
| 15:22 | Create | Fishing Ship |
| 15:23 | Create | Fishing Ship |
| 15:42 | Create | Fishing Ship |
| 15:42 | Create | Fishing Ship |
| 15:42 | Create | Fishing Ship |
| 15:50 | Create | Fishing Ship |
| 15:50 | Create | Fishing Ship |
| 16:04 | Build | Mining Camp |
| 16:22 | Build | Barracks |
| 17:04 | Build | Blacksmith |
| 17:09 | Create | Fishing Ship |
| 17:10 | Create | Fishing Ship |
| 17:10 | Create | Fishing Ship |
| 17:10 | Create | Fishing Ship |
| 17:10 | Create | Fishing Ship |
| 17:37 | Build | Stable |
| 17:59 | Create | Fishing Ship |
| 17:59 | Create | Fishing Ship |
| 17:59 | Create | Fishing Ship |
| 18:00 | Create | Fishing Ship |
| 18:26 | Research | Castle Age |
| 18:26 | Research | Castle Age |
| 18:36 | Research | Gold Mining |
| 18:37 | Research | Stone Mining |
| 18:47 | Create | Fishing Ship |
| 18:48 | Create | Fishing Ship |
| 18:48 | Create | Fishing Ship |
| 18:48 | Create | Fishing Ship |
| 19:04 | Build | House |
| 19:05 | Build | House |
| 19:06 | Build | House |
| 19:06 | Build | House |
| 19:07 | Build | House |
| 19:08 | Build | House |
| 19:13 | Build | House |
| 19:14 | Build | House |
| 19:16 | Build | House |
| 19:44 | Create | Fishing Ship |
| 19:45 | Create | Fishing Ship |
| 19:45 | Create | Fishing Ship |
| 20:31 | Create | Unit 2626 |
| 20:32 | Create | Fire Galley |
| 20:33 | Create | Unit 2626 |
| 20:33 | Create | Fire Galley |
| 20:43 | Create | Villager (Male) |
| 20:43 | Create | Villager (Male) |
| 20:43 | Create | Villager (Male) |
| 20:43 | Create | Villager (Male) |
| 20:44 | Create | Villager (Male) |
| 20:44 | Create | Villager (Male) |
| 20:44 | Create | Villager (Male) |
| 20:45 | Create | Villager (Male) |
| 20:45 | Create | Villager (Male) |
| 20:45 | Create | Villager (Male) |
| 20:45 | Create | Villager (Male) |
| 20:46 | Create | Villager (Male) |
| 20:46 | Create | Villager (Male) |
| 20:47 | Create | Villager (Male) |
| 21:02 | Create | Unit 2626 |
| 21:03 | Create | Fire Galley |
| 21:04 | Create | Unit 2626 |
Match timeline
| 5:32 | KatituWanted · first_building Dock |
| 6:12 | EL SANTO PADRE · first_building Dock |
| 6:58 | jeffhou47 · first_building Dock |
| 10:08 | EL PELUCA SAPEEE · first_building Dock |
| 11:08 | KatituWanted · age_up feudal |
| 13:15 | EL SANTO PADRE · age_up feudal |
| 13:21 | EL PELUCA SAPEEE · age_up feudal |
| 14:11 | Leon S. Kennedy · age_up feudal |
| 14:41 | Leon S. Kennedy · first_building Barracks |
| 14:49 | jeffhou47 · first_building Barracks |
| 15:14 | jeffhou47 · age_up feudal |
| 15:48 | Leon S. Kennedy · first_building Stable |
| 15:53 | jeffhou47 · first_building Archery Range |
| 16:22 | EL SANTO PADRE · first_building Barracks |
| 16:32 | Leon S. Kennedy · first_building Dock |
| 17:37 | EL SANTO PADRE · first_building Stable |
| 18:33 | Leon S. Kennedy · wall_segment Stone Wall x4 |
| 18:41 | Leon S. Kennedy · wall_segment Stone Wall x1 |
| 19:40 | Leon S. Kennedy · age_up castle |
| 20:15 | jeffhou47 · first_building Stable |
| 20:49 | KatituWanted · age_up castle |
| 21:06 | EL SANTO PADRE · age_up castle |
| 22:58 | EL SANTO PADRE · first_building Castle |
| 23:32 | EL PELUCA SAPEEE · age_up castle |
| 24:16 | jeffhou47 · age_up castle |
| 24:32 | jeffhou47 · first_building Castle |
| 26:04 | jeffhou47 · first_building Siege Workshop |
| 26:38 | Leon S. Kennedy · first_market_buy 100 stone |
| 26:47 | Leon S. Kennedy · first_building Castle |
| 28:21 | EL SANTO PADRE · age_up imperial |
| 28:26 | Leon S. Kennedy · first_building Siege Workshop |
| 29:36 | EL PELUCA SAPEEE · first_building Castle |
| 31:34 | KatituWanted · first_market_buy 100 food |
| 31:54 | KatituWanted · first_building Monastery |
| 35:12 | EL PELUCA SAPEEE · tribute_sent a jugador 1 |
| 35:12 | EL PELUCA SAPEEE · tribute_sent a jugador 2 |
| 35:12 | EL PELUCA SAPEEE · tribute_sent a jugador 3 |
| 35:12 | EL PELUCA SAPEEE · tribute_sent a jugador 5 |
| 35:12 | EL PELUCA SAPEEE · tribute_sent a jugador 6 |
| 35:58 | EL PELUCA SAPEEE · first_building Monastery |
| 36:06 | KatituWanted · age_up imperial |
| 36:13 | EL PELUCA SAPEEE · first_building Barracks |
| 37:18 | KatituWanted · first_building Castle |
| 38:18 | EL PELUCA SAPEEE · first_building Stable |
| 39:08 | EL PELUCA SAPEEE · tribute_sent a jugador 1 |
| 39:08 | EL PELUCA SAPEEE · tribute_sent a jugador 2 |
| 39:08 | EL PELUCA SAPEEE · tribute_sent a jugador 3 |
| 39:08 | EL PELUCA SAPEEE · tribute_sent a jugador 5 |
| 39:08 | EL PELUCA SAPEEE · tribute_sent a jugador 6 |
| 39:36 | EL SANTO PADRE · tribute_sent a jugador 1 |
| 39:36 | EL SANTO PADRE · tribute_sent a jugador 2 |
| 39:36 | EL SANTO PADRE · tribute_sent a jugador 3 |
| 39:36 | EL SANTO PADRE · tribute_sent a jugador 4 |
| 39:36 | EL SANTO PADRE · tribute_sent a jugador 5 |
| 40:52 | jeffhou47 · age_up imperial |
| 41:00 | EL PELUCA SAPEEE · age_up imperial |
| 41:12 | Leon S. Kennedy · first_market_sell 100 wood |
| 44:20 | EL PELUCA SAPEEE · first_market_buy 500 wood |
| 47:08 | Leon S. Kennedy · first_building Monastery |
| 50:47 | Leon S. Kennedy · age_up imperial |
| 52:59 | jeffhou47 · wall_segment Stone Wall x19 |
| 53:11 | KatituWanted · resign |
[ AI ANALYSIS · 1 CREDIT ]
What really happened in this match?
Wolo.gg analyzes every decision: build order, eco, micro, common mistakes by bracket. Personalized analysis on WhatsApp or Discord in 30 seconds.
Civ guide
Teutons
Map guide
Northern Isles
Perfil
EL_PUERCO_REDENTOR